TOP OF THE 1ST |
---|
Kansas Jayhawks batting - Pitching for Wake Forest Demon Deacons : RHP Javier Morán | Pitching: RHP Javier Morán | | Batting: SHB Herb Mitchell | 0-0: Ball 1-0: Ball 2-0: Foul Ball, location: 2F 2-1: Foul Ball, location: 2F 2-2: Ball 3-2: Base on Balls | Batting: RHB Luis Viña | 0-0: Foul Ball, location: 2F 0-1: Ball 1-1: Called Strike 1-2: Foul Ball, location: 2F 1-2: Strikes out swinging | Batting: LHB Tony Ríos | 0-0: Ball 1-0: Swinging Strike 1-1: Ball 2-1: 2-RUN HOME RUN (Flyball, 89XD), Distance : 380 ft | Batting: LHB Mike Bowers | 0-0: Ball 1-0: Called Strike 1-1: Ball 2-1: Foul Ball, location: 2F 2-2: Foul Ball, location: 2F 2-2: SINGLE (Groundball, 4S) (infield hit) | Batting: RHB Peyton Ryan | 0-0: Ball 1-0: Ball 2-0: Called Strike 2-1: Ball 3-1: Foul Ball, location: 2F 3-2: Foul Ball, location: 2F 3-2: Foul Ball, location: 2F 3-2: Foul Ball, location: 2F 3-2: Base on Balls Mike Bowers to second | Batting: LHB José Pueblo | 0-0: Ball 1-0: Grounds into double play, 6-4-3 (Groundball, 6) | Top of the 1st over - 2 runs, 2 hits, 0 errors, 1 left on base; Kansas 2 - Wake Forest 0 | BOTTOM OF THE 1ST |
---|
Wake Forest Demon Deacons batting - Pitching for Kansas Jayhawks : LHP Paul Bacon | Pitching: LHP Paul Bacon | | Batting: RHB Terry Griffin | 0-0: Ball 1-0: Ground out 1-3 (Groundball, 13S) | Batting: RHB Tim Guerrero | 0-0: Called Strike 0-1: Foul Ball, location: 2F 0-2: Ball 1-2: Ball 2-2: Ball 3-2: Base on Balls | Batting: RHB Paul Turner | 0-0: Ball 1-0: Ball 2-0: SINGLE (Line Drive, 56D) Tim Guerrero to second | Batting: RHB Tyler Robinson | 0-0: Ball 1-0: Ball 2-0: Swinging Strike 2-1: Foul Ball, location: 2F 2-2: Ball 3-2: Base on Balls Tim Guerrero to third Paul Turner to second | Batting: LHB Gregory Pérez | 0-0: Ball 1-0: Called Strike 1-1: Ball 2-1: SINGLE (Groundball, 6MD) Tim Guerrero scores Paul Turner to third Tyler Robinson to second Runner from 3rd tries for Home, SAFE, throw made home | Batting: RHB Mike Pope | 0-0: Ball Throwing error on steal attempt, E2 Tyler Robinson scores Gregory Pérez to third 1-0: Ground out 5-3 (Groundball, 56S) Gregory Pérez scores | Batting: SHB Elvis Gonzáles | 0-0: Called Strike 0-1: Foul Ball, location: 2F 0-2: Ball 1-2: Strikes out swinging | Bottom of the 1st over - 4 runs, 2 hits, 1 error, 0 left on base; Kansas 2 - Wake Forest 4 | TOP OF THE 2ND |
---|
Kansas Jayhawks batting - Pitching for Wake Forest Demon Deacons : RHP Javier Morán | Batting: RHB Sidney Gilbert | 0-0: Ball 1-0: Ball 2-0: Called Strike 2-1: Swinging Strike 2-2: Ball 3-2: Strikes out looking | Batting: RHB Julius Shelton | 0-0: Called Strike 0-1: Ball 1-1: Ball 2-1: Foul Ball, location: 2F 2-2: Foul Ball, location: 2F 2-2: Ball 3-2: Fly out, F9 (Flyball, 9S) | Batting: RHB Andrew Jenkins | 0-0: Ball 1-0: Called Strike 1-1: Foul Ball, location: 2F 1-2: Strikes out swinging | Top of the 2nd over - 0 runs, 0 hits, 0 errors, 0 left on base; Kansas 2 - Wake Forest 4 | BOTTOM OF THE 2ND |
---|
Wake Forest Demon Deacons batting - Pitching for Kansas Jayhawks : LHP Paul Bacon | Batting: RHB William Hudson | 0-0: Ball 1-0: Fly out, F9 (Flyball, 9D) | Batting: RHB Doug Dunlap | 0-0: Ball 1-0: Ball 2-0: Ground out 6-3 (Groundball, 6) | Batting: RHB Terry Griffin | 0-0: Called Strike 0-1: Ball 1-1: Foul Ball, location: 2F 1-2: Foul Ball, location: 2F 1-2: Foul Ball, location: 2F 1-2: Foul Ball, location: 2F 1-2: SINGLE (Groundball, 56D) | Batting: RHB Tim Guerrero | 0-0: Fly out, F9 (Flyball, 9S) | Bottom of the 2nd over - 0 runs, 1 hit, 0 errors, 1 left on base; Kansas 2 - Wake Forest 4 | TOP OF THE 3RD |
---|
Kansas Jayhawks batting - Pitching for Wake Forest Demon Deacons : RHP Javier Morán | Batting: SHB Herb Mitchell | 0-0: Called Strike 0-1: Foul Ball, location: 2F 0-2: Foul Ball, location: 2F 0-2: Ball 1-2: Strikes out looking | Batting: RHB Luis Viña | 0-0: Called Strike 0-1: Ball 1-1: Ground out 1-3 (Groundball, 13S) | Batting: LHB Tony Ríos | 0-0: Foul Ball, location: 2F 0-1: Foul Ball, location: 2F 0-2: SINGLE (Groundball, 6MD) | Batting: LHB Mike Bowers | 0-0: Ball 1-0: Ball 2-0: Ball 3-0: Called Strike 3-1: Base on Balls Tony Ríos to second | Batting: RHB Peyton Ryan | 0-0: Called Strike 0-1: Called Strike 0-2: Ball 1-2: Foul Ball, location: 2F 1-2: Foul Ball, location: 2F 1-2: Foul Ball, location: 2F 1-2: Foul Ball, location: 2F 1-2: Ball 2-2: Foul Ball, location: 2F 2-2: 3-RUN HOME RUN (Flyball, 7LD), Distance : 318 ft | Batting: LHB José Pueblo | 0-0: Called Strike 0-1: Swinging Strike 0-2: Ball 1-2: Strikes out swinging | Top of the 3rd over - 3 runs, 2 hits, 0 errors, 0 left on base; Kansas 5 - Wake Forest 4 | BOTTOM OF THE 3RD |
---|
Wake Forest Demon Deacons batting - Pitching for Kansas Jayhawks : LHP Paul Bacon | Batting: RHB Paul Turner | 0-0: Foul Ball, location: 2F 0-1: Foul Ball, location: 2F 0-2: Ball 1-2: Foul Ball, location: 2F 1-2: Strikes out swinging | Batting: RHB Tyler Robinson | 0-0: Ball 1-0: Swinging Strike 1-1: Ball 2-1: DOUBLE (Groundball, 5L) | Batting: LHB Gregory Pérez | 0-0: Called Strike 0-1: Called Strike 0-2: Foul Ball, location: 2F 0-2: Foul Ball, location: 2F 0-2: Ball 1-2: Ball 2-2: Foul Ball, location: 2F 2-2: Ball 3-2: SINGLE (Flyball, 7S) Tyler Robinson to third | Batting: RHB Mike Pope | 0-0: Ball 1-0: Ball 2-0: SINGLE (Flyball, 9S) Tyler Robinson scores Gregory Pérez to second Runner from 2nd tries for 3rd, SAFE, throw made to third | Batting: SHB Elvis Gonzáles | 0-0: Called Strike 0-1: Ball 1-1: Swinging Strike 1-2: SINGLE (Groundball, 34D) Gregory Pérez scores Mike Pope to second Runner from 2nd tries for 3rd, SAFE, no throw | Batting: RHB William Hudson | 0-0: Ball 1-0: Ball 2-0: Ball Wild Pitch! Mike Pope scores Elvis Gonzáles to second 3-0: Called Strike 3-1: Base on Balls | Pitching: RHP Garth Zapata | | Batting: RHB Doug Dunlap | 0-0: Ball 1-0: Ball 2-0: SINGLE (Line Drive, 8LS) Elvis Gonzáles to third William Hudson to second Runner from 3rd tries for Home, SAFE, throw made home | Batting: RHB Terry Griffin | 0-0: Called Strike 0-1: Swinging Strike 0-2: Fly out, F4 (Line Drive, 4M) | Batting: RHB Tim Guerrero | 0-0: Called Strike 0-1: Ball 1-1: Foul Ball, location: 2F 1-2: Ball 2-2: Foul Ball, location: 2F 2-2: Foul Ball, location: 2F 2-2: Ball 3-2: Ground out 6-3 (Groundball, 6) | Bottom of the 3rd over - 4 runs, 5 hits, 0 errors, 2 left on base; Kansas 5 - Wake Forest 8 | TOP OF THE 4TH |
---|
Kansas Jayhawks batting - Pitching for Wake Forest Demon Deacons : RHP Javier Morán | Batting: RHB Sidney Gilbert | 0-0: Called Strike 0-1: Ball 1-1: Ball 2-1: Foul Ball, location: 2F 2-2: SINGLE (Line Drive, 8LS) | Pitching: LHP Mike Hill | | Batting: RHB Julius Shelton | 0-0: Called Strike 0-1: Foul Ball, location: 2F 0-2: DOUBLE (Line Drive, 9LM) Sidney Gilbert to third Runner from 3rd tries for Home, SAFE, throw made at trailing runner, OUT at third! | Batting: RHB Andrew Jenkins | 0-0: Ball 1-0: Foul Ball, location: 2F 1-1: Ball 2-1: Ball 3-1: Base on Balls | Batting: SHB Herb Mitchell | 0-0: Ball 1-0: Ball 2-0: Ball 3-0: Called Strike 3-1: Base on Balls Andrew Jenkins to second | Batting: RHB Luis Viña | 0-0: Ball 1-0: Swinging Strike 1-1: Foul Ball, location: 2F 1-2: Fly out, F3 (Popup, 3SF) | Batting: LHB Tony Ríos | 0-0: Foul Ball, location: 2F 0-1: Ball 1-1: Called Strike 1-2: Ball 2-2: Ground out 6-3 (Groundball, 6S) | Top of the 4th over - 1 run, 2 hits, 0 errors, 2 left on base; Kansas 6 - Wake Forest 8 | BOTTOM OF THE 4TH |
---|
Wake Forest Demon Deacons batting - Pitching for Kansas Jayhawks : RHP Garth Zapata | Batting: RHB Paul Turner | 0-0: Ball 1-0: Ball 2-0: Foul Ball, location: 2F 2-1: Ball 3-1: Called Strike 3-2: Strikes out swinging | Batting: RHB Tyler Robinson | 0-0: Ball 1-0: Ball 2-0: Called Strike 2-1: Foul Ball, location: 2F 2-2: SINGLE (Groundball, 56) (infield hit) | Batting: LHB Gregory Pérez | 0-0: Ball 1-0: Called Strike 1-1: Ball 2-1: Ball 3-1: Base on Balls Tyler Robinson to second | Batting: RHB Mike Pope | 0-0: Ball 1-0: Called Strike 1-1: DOUBLE (Line Drive, 78D) Tyler Robinson scores Gregory Pérez to third | Batting: SHB Elvis Gonzáles | 0-0: Called Strike 0-1: Fly out, F6 (Line Drive, 4MD) | Batting: RHB William Hudson | 0-0: Ball 1-0: Fly out, F9 (Flyball, 9S) | Bottom of the 4th over - 1 run, 2 hits, 0 errors, 2 left on base; Kansas 6 - Wake Forest 9 | TOP OF THE 5TH |
---|
Kansas Jayhawks batting - Pitching for Wake Forest Demon Deacons : LHP Mike Hill | Batting: LHB Mike Bowers | 0-0: Swinging Strike 0-1: Ball 1-1: Foul Ball, location: 2F 1-2: Ball 2-2: Ball 3-2: Fly out, F7 (Flyball, 78S) | Batting: RHB Peyton Ryan | 0-0: Ball 1-0: Foul Ball, location: 2F 1-1: Ball 2-1: Foul Ball, location: 2F 2-2: Strikes out swinging | Batting: LHB José Pueblo | 0-0: Ball 1-0: Fly out, F7 (Line Drive, 7S) | Top of the 5th over - 0 runs, 0 hits, 0 errors, 0 left on base; Kansas 6 - Wake Forest 9 | BOTTOM OF THE 5TH |
---|
Wake Forest Demon Deacons batting - Pitching for Kansas Jayhawks : RHP Garth Zapata | Batting: RHB Doug Dunlap | 0-0: Ground out 5-3 (Groundball, 56) | Batting: RHB Terry Griffin | 0-0: Foul Ball, location: 2F 0-1: Ball 1-1: Fly out, F8 (Flyball, 8RS) | Batting: RHB Tim Guerrero | 0-0: Ball 1-0: Ball 2-0: Foul Ball, location: 2F 2-1: Ball 3-1: Base on Balls | Batting: RHB Paul Turner | 0-0: Fly out, F9 (Flyball, 89D) | Bottom of the 5th over - 0 runs, 0 hits, 0 errors, 1 left on base; Kansas 6 - Wake Forest 9 | TOP OF THE 6TH |
---|
Kansas Jayhawks batting - Pitching for Wake Forest Demon Deacons : LHP Mike Hill | Batting: RHB Sidney Gilbert | 0-0: SINGLE (Flyball, 89M) | Batting: RHB Julius Shelton | 0-0: Foul Ball, location: 2F 0-1: Foul Ball, location: 2F 0-2: Strikes out swinging | Batting: RHB Andrew Jenkins | 0-0: Ball 1-0: Called Strike Sidney Gilbert is caught stealing 2nd base 1-1: Ball 2-1: Ground out 6-3 (Groundball, 6) | Top of the 6th over - 0 runs, 1 hit, 0 errors, 0 left on base; Kansas 6 - Wake Forest 9 | BOTTOM OF THE 6TH |
---|
Wake Forest Demon Deacons batting - Pitching for Kansas Jayhawks : RHP Garth Zapata | Batting: RHB Tyler Robinson | 0-0: Fly out, F8 (Line Drive, 8LD) | Batting: LHB Gregory Pérez | 0-0: Called Strike 0-1: Ball 1-1: Ball 2-1: Reached on error, E3 (Groundball, 3) | Batting: RHB Mike Pope | 0-0: Ball 1-0: Foul Ball, location: 2F 1-1: Swinging Strike 1-2: Foul Ball, location: 2F 1-2: Strikes out swinging | Pitching: RHP Ronald Crockett | | Batting: SHB Elvis Gonzáles | 0-0: Foul Ball, location: 2F 0-1: Ball 1-1: Swinging Strike 1-2: Ball 2-2: Foul Ball, location: 2F 2-2: Foul Ball, location: 2F 2-2: Foul Ball, location: 2F 2-2: Fly out, F7 (Flyball, 7LM) | Bottom of the 6th over - 0 runs, 0 hits, 1 error, 1 left on base; Kansas 6 - Wake Forest 9 | TOP OF THE 7TH |
---|
Kansas Jayhawks batting - Pitching for Wake Forest Demon Deacons : LHP Mike Hill | Batting: SHB Herb Mitchell | 0-0: Ball 1-0: Swinging Strike 1-1: Foul Ball, location: 2F 1-2: Ball 2-2: SINGLE (Flyball, 89S) | Batting: RHB Luis Viña | 0-0: Called Strike 0-1: Ball 1-1: Ball 2-1: Ball 3-1: Base on Balls Herb Mitchell to second | Batting: LHB Tony Ríos | 0-0: Ball 1-0: Ball 2-0: Called Strike 2-1: Ball 3-1: Foul Ball, location: 2F 3-2: Foul Ball, location: 2F 3-2: Fly out, F8 (Flyball, 8RS) | Pitching: RHP Wade Sweeny | | Batting: LHB Mike Bowers | 0-0: SINGLE (Groundball, 34D) Herb Mitchell to third Luis Viña to second Runner from 3rd tries for Home, throw and OUT! | Batting: RHB Peyton Ryan | 0-0: Ball 1-0: Ball 2-0: Called Strike 2-1: Ball 3-1: SINGLE (Flyball, 89S) Luis Viña to third Mike Bowers to second Runner from 3rd tries for Home, throw and OUT! | Top of the 7th over - 0 runs, 3 hits, 0 errors, 2 left on base; Kansas 6 - Wake Forest 9 | BOTTOM OF THE 7TH |
---|
Wake Forest Demon Deacons batting - Pitching for Kansas Jayhawks : RHP Ronald Crockett | Batting: RHB William Hudson | 0-0: Ball 1-0: Called Strike 1-1: Swinging Strike 1-2: Strikes out swinging | Batting: RHB Doug Dunlap | 0-0: Ball 1-0: Ball 2-0: Called Strike 2-1: SINGLE (Line Drive, 56D) | Batting: RHB Terry Griffin | 0-0: Ball 1-0: Called Strike 1-1: Fielders Choice at 2nd, 6-4 (Groundball, 6) | Batting: RHB Tim Guerrero | 0-0: Called Strike Terry Griffin steals 2nd base 0-1: Called Strike 0-2: Ball 1-2: Foul Ball, location: 2F 1-2: Ball 2-2: Ground out 6-3 (Groundball, 6) | Bottom of the 7th over - 0 runs, 1 hit, 0 errors, 1 left on base; Kansas 6 - Wake Forest 9 | TOP OF THE 8TH |
---|
Kansas Jayhawks batting - Pitching for Wake Forest Demon Deacons : RHP Wade Sweeny | Batting: LHB José Pueblo | 0-0: SINGLE (Groundball, 6MD) | Batting: RHB Sidney Gilbert | 0-0: Grounds into double play, 5-4-3 (Groundball, 56) | Batting: RHB Julius Shelton | 0-0: SINGLE (Groundball, 6) (infield hit) | Batting: RHB Andrew Jenkins | 0-0: Ball 1-0: Ball 2-0: Called Strike 2-1: Ball 3-1: Fly out, F9 (Flyball, 89D) | Top of the 8th over - 0 runs, 2 hits, 0 errors, 1 left on base; Kansas 6 - Wake Forest 9 | BOTTOM OF THE 8TH |
---|
Wake Forest Demon Deacons batting - Pitching for Kansas Jayhawks : RHP Ronald Crockett | Batting: RHB Paul Turner | 0-0: Called Strike 0-1: Called Strike 0-2: Ball 1-2: Fly out, F8 (Line Drive, 89M) | Batting: RHB Tyler Robinson | 0-0: Ball 1-0: Swinging Strike 1-1: Swinging Strike 1-2: Strikes out looking | Batting: LHB Gregory Pérez | 0-0: Ground out 1-3 (Groundball, 13) | Bottom of the 8th over - 0 runs, 0 hits, 0 errors, 0 left on base; Kansas 6 - Wake Forest 9 | TOP OF THE 9TH |
---|
Kansas Jayhawks batting - Pitching for Wake Forest Demon Deacons : RHP Wade Sweeny | Pitching: LHP Sherman Gordon | | Batting: SHB Herb Mitchell | 0-0: Foul Ball, location: 2F 0-1: Called Strike 0-2: Strikes out looking | Batting: RHB Luis Viña | 0-0: Called Strike 0-1: Swinging Strike 0-2: Strikes out looking | Batting: LHB Tony Ríos | 0-0: Ball 1-0: Foul Ball, location: 2F 1-1: Called Strike 1-2: Foul Ball, location: 2F 1-2: Ground out 4-3 (Groundball, 4) | Top of the 9th over - 0 runs, 0 hits, 0 errors, 0 left on base; Kansas 6 - Wake Forest 9 | |